 Dungeon Crawl Stone Soup version 0.26.1-11-gd32895ea62 (webtiles) character file.

Game seed: 10147080635992112353

54 tizbic2 the Ruffian (level 3, -4/33 HPs)
             Began as an Ogre Transmuter on June 27, 2021.
             Slain by a gnoll
             ... wielding a +0 halberd
              (15 damage)
             ... on level 1 of the Dungeon.
             The game lasted 00:10:49 (2523 turns).

tizbic2 the Ruffian (Ogre Transmuter)               Turns: 2523, Time: 00:10:50

Health: -4/33      AC:  5    Str: 14    XL:     3   Next: 91%
Magic:  5/6        EV: 10    Int: 14    God:
Gold:   78         SH:  0    Dex: 10    Spells: 3/7 levels left

rFire    . . .     SeeInvis .     - Unarmed
rCold    . . .     Faith    .   (no shield)
rNeg     . . .     Spirit   .   a - +2 robe
rPois    .         Reflect  .   (helmet currently unavailable)
rElec    .         Harm     .   (no cloak)
rCorr    .         Rampage  .   (gloves unavailable)
Will     .....                  (boots unavailable)
Stlth    +.........             (no amulet)
HPRegen  0.11/turn              d - ring of wizardry (curse)
MPRegen  0.10/turn              (no ring)

@: appendages
A: large, unfitting armour, horns 2, talons 2, tough skin 1
a: End Transformation


You were on level 1 of the Dungeon.
You had grown temporary horns.
You had grown temporary talons.
You visited 1 branch of the dungeon, and saw 2 of its levels.

You collected 78 gold pieces.

Inventory:

Missiles
 c - 30 stones (quivered)
 f - 4 poisoned darts
Armour
 a - a +2 robe (worn)
Jewellery
 d - a cursed ring of wizardry (left hand)
Scrolls
 b - a scroll of identify
Potions
 e - a potion of magic


   Skills:
 + Level 1.3 Fighting
 * Level 2.2 Dodging
 * Level 3.7 Unarmed Combat
 + Level 2.6 Spellcasting
 + Level 2.0 Transmutations
 + Level 0.2 Poison Magic


You had 3 spell levels left.
You knew the following spells:

 Your Spells              Type           Power        Failure   Level
a - Beastly Appendage     Tmut           14%          4%          1
b - Spider Form           Tmut/Pois      2%           16%         3

Your spell library contained the following spells:

 Spells                   Type           Power        Failure   Level
 Wereblood                Tmut           7%           6%          2
 Ice Form                 Ice/Tmut       4%           47%         4
 Blade Hands              Tmut           3%           69%         5


Dungeon Overview and Level Annotations

Branches:
Dungeon (2/15)

Altars:
Okawaru


Innate Abilities, Weirdness & Mutations

You are too large for most types of armour.
You have tough skin. (AC +1)
You have a pair of horns on your head.
You have razor-sharp toenails.


Message History

A ball python comes into view.
The ball python hisses angrily.
A leopard gecko comes into view.
A giant cockroach comes into view.
There is a stone staircase leading up, spattered with blood here.
The gnoll barely misses you.
The leopard gecko hisses angrily.
The gnoll closely misses you.
There is a stone staircase leading up, spattered with blood here.
The gnoll hits you with a +0 halberd.
The gnoll hits you from afar with a +0 halberd.
The gnoll closely misses you.
You climb upwards.
There is a stone staircase leading down here.
You see here a cursed -1 dagger.
You barely miss the gnoll. The gnoll misses you. The gnoll barely misses you.
Casting: Beastly Appendage (safe; 4% risk of failure)
Confirm with . or Enter, or press ? or * to list all spells.
You grow a pair of large bovine horns.
Your feet morph into talons.
The gnoll hits you. The gnoll hits you with a +0 halberd!
You die...

#...##########.......####.#
.....########.............# #.
....................##########
#.
.............................#
#.
#...########...........#####.#
#...# ####.....####.# #.#.#
#..)....## #.# #.#.# #.#####g#
#.# ....# ####.# #@# #.#
....###....# #g# #.#
........##.# #.# #.# ###
....#### #.#####.# #.# #.# #.
...## #.......# #.# #.#.##.
♣♣♣♣♣## ####.#### #.# #.# #.##
......#######.# #.##.# #..
♣♣♣♣♣.........# #...## ##.
########### ####.## ##.#


You could see 2 gnolls.

Vanquished Creatures
  An adder (D:2)
  An ooze (D:2)
  A worm (D:2)
  4 leopard geckos
  5 bats (D:1)
  2 giant cockroaches (D:1)
  7 hobgoblins (D:1)
  3 frilled lizards (D:1)
  2 goblins (D:1)
  2 kobolds (D:1)
  6 rats (D:1)
  A bush (D:1)
35 creatures vanquished.

Vanquished Creatures (others)
  16 plants (D:1)
16 creatures vanquished.

Grand Total: 51 creatures vanquished

Notes
Turn   | Place    | Note
-------+----------+-------------------------------------------
     0 | D:1      | tizbic2 the Ogre Transmuter began the quest for the Orb.
     0 | D:1      | Reached XP level 1. HP: 19/19 MP: 3/3
    97 | D:1      | Reached XP level 2. HP: 9/27 MP: 3/5
   109 | D:1      | Reached skill level 3 in Unarmed Combat
   109 | D:1      | HP: 1/27 [leopard gecko (2)]
   717 | D:1      | Reached XP level 3. HP: 27/33 MP: 4/6
   889 | D:1      | Found an iron altar of Okawaru.
   998 | D:1      | Learned a level 3 spell: Spider Form
  1626 | D:2      | Noticed a phantom
  2523 | D:1      | Slain by a gnoll

Illustrated notes

Levels and vault maps discovered:
D:1:      matt_arrival_los_fun, layout_loops_ring, serial_forest,
          infiniplex_forest_straight_3, infiniplex_forest_straight_3,
          infiniplex_forest_clump_small, infiniplex_forest_end_3,
          infiniplex_forest_clump_cross, infiniplex_forest_clump_medium,
          infiniplex_forest_clump_double, kennysheep_flooded_box
D:2:      layout_basic, old_standard_altar, skrybe_limestone_x,
          minmay_pentomino_x2, uniq_jessica

Skill      XL: |  1  2 |
---------------+-------+-----
Dodging        | 2 |  2.2
Unarmed Combat | 3 |  3.7
Transmutations | 2 |  2.0
Fighting       | |  1.3
Spellcasting   | |  2.6
Poison Magic   | |  0.2

Action                   || total
-------------------------++-------
Melee: Unarmed           ||   319
       Kick              ||    21
       Headbutt          ||     7
       Punch             ||     3
Throw: Stone             ||     5
 Cast: Beastly Appendage ||    27
       Spider Form       ||     3
  Use: Scroll            ||     4
       Potion            ||     1
Armor: Robe              ||    62
Dodge: Dodged            ||   103
